 Dungeon Crawl Stone Soup version 0.24.1-14-gf8d2b509d9 (webtiles) character file.

Game seed: 13460148837931058335, levelgen mode: deterministic

158 Bodigarde the Skirmisher (level 5, -3/42 HPs)
             Began as a Mummy Fighter on May 22, 2020.
             Was an Initiate of Gozag.
             Killed by divine providence
             ... invoked by an orc priest
              (10 damage)
             ... on level 3 of the Dungeon.
             The game lasted 00:07:48 (2817 turns).

Bodigarde the Skirmisher (Mummy Fighter)            Turns: 2817, Time: 00:07:49

Health: -3/42      AC: 15    Str: 21    XL:     5   Next: 16%
Magic:  5/5        EV:  3    Int:  7    God:    Gozag
Gold:   349        SH:  9    Dex: 11    Spells: 4/4 levels left

rFire    x . .     SeeInvis .   a - +0 flail
rCold    + . .     Gourm    .   c - +0 shield
rNeg     + + +     Faith    .   d - +0 plate armour
rPois    ∞         Spirit   .   l - +1 hat
rElec    .         Reflect  .   k - +2 cloak
rCorr    .         Harm     .   (no gloves)
MR       .....                  (no boots)
Stlth    ..........             (no amulet)
HPRegen  0.14/turn              (no ring)
MPRegen  0.09/turn              (no ring)

@: no status effects
A: no food or potions, fire vulnerability, cold resistance 1, negative energy
resistance 3, torment resistance, unbreathing
a: Potion Petition, Call Merchant, Bribe Branch, Renounce Religion


You were on level 3 of the Dungeon.
You worshipped Gozag.
Gozag was aware of your devotion.
You were not hungry.

You visited 1 branch of the dungeon, and saw 3 of its levels.

You collected 373 gold pieces.
You paid 24 gold pieces to Gozag.

Inventory:

Hand Weapons
 a - a +0 flail (weapon)
Missiles
 f - 51 stones
 h - 19 poisoned darts (quivered)
Armour
 c - a +0 shield (worn)
 d - a +0 plate armour (worn)
 k - a +2 cloak (worn)
 l - a +1 hat (worn)
Wands
 m - a wand of polymorph (8)
Scrolls
 b - a scroll of remove curse {unknown}
 e - 3 scrolls of teleportation {unknown}
 g - a scroll of amnesia {unknown}
 i - 5 scrolls of blinking {unknown}
 j - 2 scrolls of identify {unknown}
 n - a scroll of enchant armour {unknown}


   Skills:
 + Level 3.7 Fighting
 * Level 3.1 Maces & Flails
 + Level 3.0 Armour
 + Level 3.0 Shields


You had 4 spell levels left.
You didn't know any spells.
Your spell library was empty.

Dungeon Overview and Level Annotations

Branches:
Dungeon (3/15)

Altars:
Cheibriados
Dithmenos
Elyvilon
Gozag
Wu Jian

Annotations:
D:1 1 runed translucent door


Innate Abilities, Weirdness & Mutations

You do not eat or drink.
Your flesh is vulnerable to fire.
You are immune to poison.
Your flesh is cold resistant. (rC+)
You are immune to negative energy. (rN+++)
You are immune to unholy pain and torment.
You can survive without breathing.


Message History

The orc priest calls down the wrath of Beogh upon you.
Beogh smites you! The orc barely misses you.
The orc throws a silver boomerang.
The silver boomerang hits you but does no damage.
The weapon returns to the orc!
The orc throws a silver boomerang.
The silver boomerang hits you.
The weapon returns to the orc!
The orc throws a silver boomerang.
The silver boomerang hits you but does no damage.
The weapon returns to the orc!
The orc priest mumbles some strange prayers to Beogh against you.
Beogh smites you!
* * * LOW HITPOINT WARNING * * *
The orc throws a silver boomerang.
You block the silver boomerang.
The weapon returns to the orc!
Unknown command.
The orc priest invokes the aid of Beogh against you.
Beogh smites you!
You die...
Your body crumbles into a pile of gold.

###########################......
..o>o)#.......o..............####
#####..o......#o.##########..####
###############..# #...........
...... ##..#####.####..####
..#... #....#..............
...... ##...#.##..###.###.#
..#... #.....###.# #.# #.# ......
###@..####.# #.# #.# ######
##.......##.# #.###.#
#############..!.....##.###......
.....................##.##.......
.##############.....###.##.####..
.# #........#...# #.. .#
#..#..###.#######.. .#### #..#..#
#.#####.... ....# #..#..#
#.##....###


You could see an orc priest and an orc.

Vanquished Creatures
  3 gnolls (D:2)
  5 adders
  A worm (D:3)
  8 dart slugs (D:3)
  A leopard gecko (D:1)
  2 giant cockroaches (D:3)
  10 goblins
  5 hobgoblins
  3 jackals (D:3)
  2 quokkas
  8 bats
  5 frilled lizards
  9 kobolds
  8 rats
70 creatures vanquished.

Notes
Turn   | Place    | Note
-------+----------+-------------------------------------------
     0 | D:1      | Bodigarde the Mummy Fighter began the quest for the Orb.
     0 | D:1      | Reached XP level 1. HP: 18/18 MP: 1/1
     0 | D:1      | Noticed a jelly
     1 | D:1      | Found a runed translucent door.
   250 | D:1      | Reached XP level 2. HP: 24/24 MP: 2/2
   847 | D:2      | Reached XP level 3. HP: 17/29 MP: 3/3
  1115 | D:2      | Found an opulent altar of Gozag.
  1124 | D:2      | Became a worshipper of Gozag Ym Sagoz the Greedy
  1198 | D:2      | Reached XP level 4. HP: 32/35 MP: 4/4
  1454 | D:2      | Found a white marble altar of Elyvilon.
  2002 | D:3      | Found a shadowy altar of Dithmenos.
  2171 | D:3      | Found a snail-covered altar of Cheibriados.
  2172 | D:3      | Found an ornate altar of the Wu Jian Council.
  2396 | D:3      | Reached XP level 5. HP: 42/42 MP: 5/5
  2817 | D:3      | Killed from afar by an orc priest

Levels and vault maps discovered:
D:1:      dpeg_arrival_caged_fury, layout_loops_ring, st_stairs_6
D:2:      layout_rooms, elyvilon_altar_3, grunt_gozag_breadcrumbs
D:3:      kennysheep_slugbush, layout_loops_ring, old_standard_altar,
          gammafunk_temple_overflow_statue, lemuel_coloured_pillars_altar,
          first_ration

Skill      XL: |  1  2  3  4 |
---------------+-------------+-----
Maces & Flails | 2 3 |  3.1
Shields        | 3 |  3.0
Armour         | 3 |  3.0
Fighting       | |  3.7

Action                   |  1- 3 |  4- 6 || total
-------------------------+-------+-------++-------
Melee: Flail             |   123 |   180 ||   303
Throw: Stone             |    16 |       ||    16
       Dart              |       |     3 ||     3
 Stab: Distracted        |     1 |       ||     1
Armor: Scale mail        |    57 |     5 ||    62
       Plate armour      |       |   129 ||   129
Dodge: Dodged            |    33 |    27 ||    60
Block: Shield            |    70 |   118 ||   188
